Map: Complexe luxuriant

Players

Kitte

  • Race: Protoss Protoss
  • Spawn Location: 1:00

MadMax

  • Race: Zerg Zerg
  • Spawn Location: 3:00

Ten - Winner!

  • Race: Zerg Zerg
  • League: Diamond
  • Spawn Location: 9:00

Girakanzu - Winner!

  • Race: Zerg Zerg
  • Spawn Location: 7:00

VOD

https://www.twitch.tv/videos/336989905?t=07h15m30s

Description

Time

  • Played on: Sept. 22, 2018, 5:07 p.m.
  • Length: 24:52
Show
View Real Time Build Order
Export as new Build Order

Kitte Protoss 

Build Orders: Cannon Rush 

Get SALT Encoding   

  12  0:02  Probe  
  13  0:20  Probe  
  13  0:22  Pylon  
  14  0:28  Probe  
  15  0:44  Forge  
  15  0:45  Probe  
  16  0:57  Probe  
  16  1:00  Gateway  
  17  1:17  Photon Cannon  
  17  1:22  Photon Cannon  
  17  1:31  Photon Cannon  
  17  1:41  Pylon  
  17  2:13  Nexus  
  17  2:17  Pylon  
  17  2:23  Pylon  
  17  2:26  Assimilator  
  17  2:30  Assimilator  
  17  2:39  Photon Cannon  
  17  2:41  Probe  
  18  2:50  Probe  
  18  2:58  Probe  
  20  3:10  Probe  
  21  3:18  Cybernetics Core  
  21  3:22  Probe  
  22  3:30  Assimilator  
  23  3:34  Probe  
  23  3:35  Assimilator  
  23  3:42  Probe  
  23  3:46  Probe  
  25  3:48  Pylon  
  25  3:54  Probe  
  26  3:58  Probe  
  26  4:02  Stargate  
  27  4:08  Stargate  
  27  4:12  Probe  
  27  4:13  Probe  
  29  4:22  Pylon  
  29  4:26  Probe  
  30  4:38  Probe x2  
  32  4:43  Stalker  
  34  4:52  Photon Cannon  
  34  4:58  Void Ray  
  38  5:07  Void Ray  
  42  5:24  Photon Cannon  
  42  5:27  Probe  
  42  5:28  Probe  
  44  5:35  Probe  
  44  5:36  Probe  
  46  5:43  Probe  
  46  5:44  Probe  
  48  5:50  Void Ray  
  48  5:54  Probe x2  
  54  6:02  Void Ray  
  58  6:06  Probe x2  
  60  6:24  Fleet Beacon  
  60  6:28  Probe  
  60  6:29  Probe, Stargate  
  62  6:33  Pylon  
  62  6:52  Void Ray x2  
  70  7:04  Pylon x2  
  70  7:14  Void Ray  
  74  7:37  Carrier  
  74  7:38  Nexus  
  74  7:41  Assimilator  
  74  7:43  Assimilator  
  80  7:46  Pylon  
  80  7:59  Carrier  
  80  8:01  Carrier  
  92  8:11  Pylon  
  89  8:47  Probe  
  87  8:55  Probe  
  88  9:03  Graviton Catapult  
  88  9:04  Protoss Air Weapons Level 1  
  88  9:05  Probe  
  88  9:06  Stargate  
  89  9:14  Probe  
  91  9:17  Probe  
  91  9:26  Probe  
  91  9:29  Probe  
  93  9:38  Probe  
  94  9:49  Carrier x3  
  94  9:50  Probe  
  113  9:58  Probe  
  114  10:02  Probe  
  114  10:04  Carrier  
  121  10:11  Pylon  
  121  10:14  Probe, Pylon  
  117  10:16  Pylon  
  117  10:18  Pylon  
  114  10:41  Stargate  
  108  10:43  Pylon  
  108  10:45  Pylon  
  108  10:47  Pylon  
  86  11:18  Carrier  
  86  11:19  Carrier x2  
  86  11:25  Carrier  
  106  11:36  Carrier  
  112  11:43  Protoss Air Armor Level 1  
  112  12:07  Cybernetics Core  
  112  12:09  Pylon  
  112  12:10  Pylon  
  112  12:13  Probe x3  
  115  12:25  Probe x3  
  118  12:37  Probe x2  
  120  12:59  Carrier x3  
  120  13:00  Carrier  
  120  13:02  Carrier  
  144  14:25  Carrier x3  
  162  14:37  Carrier x2  
  144  15:44  Carrier  
  144  15:45  Carrier x2  
  144  15:53  Carrier x2  
  120  17:06  Carrier x3  
  120  17:14  Nexus  
  138  17:18  Carrier, Assimilator  
  138  17:20  Assimilator  
  144  17:37  Carrier  
  120  18:32  Warp Gate  
  138  18:45  Gateway  
  138  18:46  Gateway  
  138  18:50  Gateway  
  138  18:52  Gateway  
  138  18:54  Gateway  
  138  19:06  Gateway  
  131  19:29  Stalker x2  
  93  19:39  Stalker  
  89  19:58  Stalker  
  79  20:13  Pylon  
  41  20:31  Gateway  
  41  20:33  Gateway  
  41  20:35  Gateway  
  37  20:36  Gateway  
  37  20:39  Gateway  
  37  20:42  Gateway  
  37  20:43  Pylon  
  37  21:01  Pylon  
  36  21:29  Gateway x2  
  36  21:31  Gateway  
  36  21:33  Gateway  
  36  21:35  Gateway  
  36  21:39  Gateway  
  36  21:40  Cybernetics Core  
  36  21:43  Pylon  
  36  21:45  Gateway  
  33  21:49  Gateway  
  24  22:19  Stalker x5  
  24  22:20  Stalker  
  36  22:33  Stalker x2  
  36  22:34  Stalker x4  
  46  22:41  Stalker  
  46  22:42  Stalker x2  
  46  22:43  Stalker x2  
  56  22:45  Stalker x3  
  62  22:55  Pylon  
  62  22:57  Pylon  
  62  22:59  Stalker, Pylon  
  62  23:00  Stalker x3, Pylon  
  62  23:01  Pylon  
  62  23:03  Pylon  
  68  23:21  Stalker x2  
  68  23:22  Stalker x6  
  68  23:23  Stalker x5  
  68  23:24  Stalker  
  96  23:47  Stalker x4  
  96  23:48  Stalker x3  
  108  23:49  Stalker x4  
  73  24:22  Stalker x4  
  73  24:23  Stalker x4  
  73  24:24  Stalker x5  
  61  24:25  Stalker  
Show
View Real Time Build Order
Export as new Build Order

MadMax Zerg 

Build Orders: Hatch First 

Get SALT Encoding   

  12  0:02  Drone  
  13  0:08  Drone  
  14  0:27  Overlord  
  14  0:45  Drone  
  14  0:46  Hatchery  
  14  0:52  Drone  
  14  0:53  Drone  
  16  1:03  Drone  
  17  1:09  Drone  
  18  1:18  Drone  
  19  1:19  Extractor  
  19  1:25  Spawning Pool  
  17  1:33  Drone  
  17  1:39  Overlord  
  18  1:53  Drone  
  19  2:02  Drone  
  19  2:04  Drone  
  21  2:11  Queen  
  21  2:12  Queen  
  21  2:14  Drone  
  26  2:19  Extractor  
  26  2:21  Drone  
  27  2:30  Drone x2  
  27  2:32  Drone  
  27  2:36  Drone  
  30  2:46  Overlord  
  30  2:48  Lair  
  30  2:52  Drone  
  30  2:53  Drone  
  30  2:55  Extractor  
  30  2:57  Extractor  
  30  3:00  Drone  
  30  3:05  Drone x2  
  33  3:30  Drone  
  33  3:31  Drone x7  
  41  3:50  Spire  
  41  3:53  Overlord x3  
  40  3:55  Overlord  
  40  4:28  Drone  
  40  4:29  Drone  
  42  4:41  Drone  
  42  4:43  Drone  
  44  5:01  Mutalisk x4  
  44  5:02  Mutalisk x6  
  44  5:04  Drone  
  65  5:17  Spore Crawler  
  65  5:19  Hatchery  
  65  5:20  Spore Crawler  
  62  5:25  Spore Crawler x2, Drone  
  62  5:26  Drone x3  
  64  5:41  Zerg Flyer Weapons Level 1  
  64  5:46  Mutalisk x4  
  72  5:51  Overlord  
  72  6:17  Mutalisk  
  72  6:18  Mutalisk x2  
  78  6:35  Queen  
  78  6:36  Drone  
  78  6:37  Drone x6  
  83  6:56  Drone x6  
  83  6:58  Extractor  
  83  7:00  Extractor  
  87  7:01  Overlord  
  87  7:02  Overlord  
  85  7:34  Evolution Chamber  
  85  7:35  Evolution Chamber  
  79  8:02  Drone x2  
  79  8:03  Drone x11  
  92  8:05  Zerg Flyer Weapons Level 2  
  92  8:15  Spire  
  92  8:19  Overlord x3  
  91  8:20  Overlord x2  
  89  8:45  Mutalisk x12  
  113  8:59  Hatchery  
  112  9:05  Infestation Pit  
  105  9:27  Overlord  
  105  9:28  Overlord x9  
  93  9:58  Mutalisk x10  
  111  10:32  Mutalisk x3  
  111  10:33  Mutalisk x8  
  115  11:08  Overlord x3  
  115  11:10  Mutalisk x6  
  119  11:18  Extractor  
  118  11:20  Hive  
  118  11:22  Extractor  
  101  11:51  Drone  
  101  11:52  Drone x2  
  101  11:53  Drone x5  
  101  11:54  Drone x3  
  112  12:04  Drone x3  
  115  12:12  Zerg Flyer Armor Level 1  
  109  12:47  Mutalisk x13  
  109  12:48  Mutalisk x2  
  91  13:17  Mutalisk x5  
  100  13:20  Zergling x2  
  100  13:21  Zergling x4  
  97  14:00  Hatchery  
  90  14:05  Hatchery  
  90  14:07  Zerg Flyer Weapons Level 3  
  90  14:09  Zerg Flyer Armor Level 2  
  86  14:14  Hatchery  
  77  15:25  Mutalisk x9  
  95  15:38  Drone  
  95  15:39  Drone x15  
  111  16:01  Extractor, Queen  
  111  16:03  Extractor  
  111  16:08  Queen  
  111  16:10  Extractor  
  92  17:01  Mutalisk x4  
  88  17:02  Mutalisk x7  
  106  17:30  Mutalisk x3  
  106  17:32  Zergling x22  
  106  17:33  Zergling x26  
  101  17:45  Overseer x3  
  80  19:04  Overlord  
  80  19:05  Overlord x16  
  62  20:49  Spawning Pool  
  59  20:59  Drone  
  59  21:00  Drone x2  
  58  21:05  Drone x3  
  58  21:06  Drone x2  
  62  21:32  Spore Crawler  
  61  21:35  Spore Crawler  
  57  22:23  Lair  
  57  22:24  Spawning Pool  
  57  22:28  Spore Crawler x2  
  57  22:29  Spore Crawler  
  45  22:32  Spore Crawler x2  
  45  22:35  Spore Crawler  
  37  22:43  Spawning Pool  
Show
View Real Time Build Order
Export as new Build Order

Ten Zerg - Winner!

Build Orders: Hatch First 

Get SALT Encoding   

  12  0:01  Drone  
  13  0:12  Overlord  
  13  0:18  Drone  
  14  0:34  Drone x2  
  14  0:35  Drone  
  17  0:56  Hatchery  
  16  1:00  Drone  
  16  1:01  Drone  
  16  1:03  Extractor  
  17  1:14  Drone  
  18  1:21  Evolution Chamber  
  18  1:22  Drone  
  18  1:30  Spawning Pool  
  17  1:34  Drone  
  18  1:48  Drone  
  18  1:51  Drone  
  20  2:01  Drone  
  21  2:12  Drone x2  
  23  2:21  Queen x2  
  27  2:23  Drone  
  28  2:30  Zerg Ground Armor Level 1  
  28  2:35  Overlord  
  28  2:50  Overlord  
  28  2:53  Drone x4  
  28  2:56  Drone  
  33  3:05  Overlord  
  33  3:06  Drone  
  34  3:14  Overlord  
  34  3:25  Hatchery  
  34  3:26  Drone x3  
  36  3:32  Drone x3  
  36  3:33  Drone  
  40  3:37  Drone  
  41  3:45  Extractor  
  40  3:49  Drone x3  
  40  3:50  Drone  
  40  3:55  Drone  
  45  3:56  Lair  
  45  3:59  Queen  
  45  4:02  Overlord  
  47  4:05  Drone x2  
  49  4:11  Drone x3  
  52  4:20  Spore Crawler  
  52  4:21  Spore Crawler  
  50  4:27  Spore Crawler  
  50  4:30  Spore Crawler, Zergling x2  
  49  4:33  Zergling x2  
  49  4:35  Zergling x2  
  49  4:36  Drone  
  49  4:37  Drone  
  49  4:38  Drone x4  
  57  4:43  Drone  
  58  4:53  Extractor, Drone x6  
  58  4:54  Extractor  
  58  4:59  Spire  
  61  5:02  Drone x3  
  64  5:13  Drone x3  
  67  5:14  Extractor  
  67  5:15  Queen  
  67  5:19  Extractor  
  67  5:23  Metabolic Boost  
  67  5:41  Overlord x5  
  67  5:55  Zerg Ground Armor Level 2  
  67  5:57  Overlord x3  
  67  6:03  Spore Crawler  
  66  6:10  Corruptor x5  
  76  6:14  Corruptor  
  78  6:22  Spore Crawler  
  78  6:25  Spore Crawler  
  76  6:30  Spore Crawler  
  76  6:32  Spore Crawler x3  
  72  6:35  Corruptor x2  
  76  6:41  Zerg Flyer Armor Level 1  
  76  6:52  Drone x5  
  76  6:53  Drone x2  
  83  7:03  Drone x5  
  88  7:26  Mutalisk x2  
  88  7:27  Mutalisk, Corruptor x3  
  100  7:51  Corruptor x2  
  100  7:52  Corruptor x4  
  112  8:08  Drone x3  
  112  8:09  Drone x7  
  112  8:10  Infestation Pit  
  120  8:37  Overlord x5  
  112  9:24  Corruptor x7  
  112  9:25  Corruptor x7  
  118  9:43  Mutalisk x3  
  114  9:55  Hatchery  
  114  9:57  Extractor  
  111  10:00  Extractor  
  107  10:17  Mutalisk x6  
  85  10:44  Corruptor  
  85  10:45  Corruptor x3  
  80  11:13  Hatchery  
  80  11:14  Mutalisk x4  
  87  11:20  Hatchery  
  84  11:38  Drone x8  
  92  12:04  Zerg Flyer Armor Level 2  
  92  12:15  Drone x9  
  101  12:25  Queen  
  101  12:28  Corruptor x3  
  109  12:34  Queen  
  111  12:45  Corruptor  
  111  12:46  Corruptor x7  
  127  13:15  Hatchery  
  127  13:16  Extractor x2  
  106  13:28  Hive  
  106  13:33  Burrow  
  106  13:35  Infestor x2  
  106  13:36  Infestor  
  106  13:40  Neural Parasite  
  112  13:44  Infestor  
  114  13:58  Infestor x2  
  118  14:21  Infestor x4  
  126  14:40  Viper  
  129  14:52  Drone x3  
  132  14:54  Queen  
  132  14:59  Pathogen Glands  
  134  15:10  Corruptor  
  134  15:11  Corruptor x8  
  152  15:29  Corruptor x5  
  162  15:41  Corruptor x3  
  162  15:42  Corruptor  
  159  16:25  Unknown  
  157  16:38  Corruptor x8  
  173  16:51  Greater Spire  
  173  16:56  Zergling x2  
  174  17:21  Overlord x6  
  155  18:19  Brood Lord x4  
  163  18:21  Corruptor x18  
  199  18:54  Overseer x2  
  199  18:55  Overseer  
  199  18:56  Overseer  
  193  19:45  Mutalisk x5  
  196  19:54  Brood Lord x2  
  197  20:30  Brood Lord  
  187  20:44  Drone x3  
  187  20:45  Drone x3  
  187  20:49  Drone x2  
  188  21:41  Zergling x12  
  188  21:42  Zergling x6  
  147  23:33  Zergling x28  
  147  23:34  Zergling x14  
Show
View Real Time Build Order
Export as new Build Order

Girakanzu Zerg - Winner!

Build Orders: Hatch First 

Get SALT Encoding   

  12  0:01  Drone  
  13  0:09  Drone  
  14  0:18  Overlord  
  14  0:38  Drone x3  
  17  0:56  Hatchery  
  16  1:10  Spawning Pool  
  15  1:12  Drone  
  15  1:16  Drone  
  17  1:23  Evolution Chamber  
  16  1:26  Extractor  
  16  1:28  Extractor, Drone  
  15  1:33  Drone  
  15  1:38  Drone  
  17  1:58  Drone  
  18  2:10  Drone x2  
  18  2:12  Drone  
  18  2:14  Queen  
  23  2:22  Roach Warren  
  22  2:23  Drone  
  22  2:26  Drone  
  24  2:33  Zerg Missile Weapons Level 1  
  24  2:42  Queen  
  26  2:48  Drone  
  26  2:49  Drone  
  28  2:59  Overlord  
  28  3:01  Overlord  
  28  3:18  Drone  
  28  3:19  Drone  
  30  3:29  Drone x5  
  30  3:30  Drone  
  30  3:33  Roach x2  
  40  3:45  Roach x2  
  44  3:52  Overlord  
  44  3:55  Overlord  
  44  4:00  Lair  
  44  4:08  Evolution Chamber  
  43  4:12  Drone  
  43  4:13  Overlord  
  44  4:17  Drone x2  
  44  4:18  Drone  
  44  4:22  Extractor  
  46  4:24  Drone  
  46  4:25  Extractor  
  46  4:29  Spore Crawler  
  45  4:34  Spore Crawler  
  44  4:38  Spore Crawler  
  44  4:41  Spore Crawler  
  44  4:43  Spore Crawler  
  44  4:44  Drone  
  44  4:45  Drone  
  43  4:46  Drone  
  43  4:47  Zerg Ground Armor Level 1  
  44  4:58  Drone x3  
  44  4:59  Drone x2  
  49  5:02  Roach  
  51  5:17  Drone x2  
  51  5:19  Drone  
  51  5:20  Drone x2  
  56  5:22  Zerg Missile Weapons Level 2  
  56  5:25  Roach  
  56  5:26  Roach  
  60  5:36  Burrow  
  60  5:44  Roach x3  
  60  5:49  Overlord  
  66  5:50  Overlord  
  58  7:16  Spawning Pool  
  57  7:34  Spawning Pool  
  57  7:35  Drone  
  57  7:40  Zerg Ground Armor Level 2  
  57  7:49  Hydralisk Den  
  57  7:51  Drone x3  
  57  7:52  Drone  
  57  7:53  Overlord x3  
  60  8:04  Drone x2  
  60  8:05  Drone  
  63  8:18  Hatchery  
  62  8:24  Infestation Pit, Grooved Spines  
  61  8:28  Queen  
  63  8:37  Queen  
  65  8:54  Drone x3  
  68  8:59  Drone x8  
  76  9:14  Hive  
  76  9:30  Drone  
  77  9:33  Hydralisk x8  
  77  9:35  Muscular Augments  
  93  9:40  Extractor  
  92  9:53  Extractor  
  91  10:18  Hydralisk  
  91  10:19  Hydralisk x5  
  103  10:28  Hydralisk x2  
  103  10:29  Hydralisk x3  
  103  10:35  Overlord x4  
  113  10:36  Overlord  
  113  10:44  Hydralisk  
  99  11:06  Hydralisk x13  
  119  11:11  Zerg Missile Weapons Level 3  
  119  11:12  Zerg Ground Armor Level 3  
  109  11:34  Hydralisk x2  
  109  11:35  Hydralisk x6  
  125  11:50  Hydralisk x4  
  125  11:51  Hydralisk x5  
  143  12:11  Hydralisk x5  
  153  12:35  Hydralisk  
  153  12:36  Hydralisk  
  141  13:02  Hydralisk x6  
  77  13:39  Hydralisk  
  77  13:40  Hydralisk x16  
  103  13:57  Hydralisk x3  
  103  13:58  Hydralisk  
  91  14:10  Hydralisk x3  
  87  14:23  Hydralisk x8  
  80  14:45  Hydralisk x2  
  19  15:52  Drone  
  19  16:19  Drone  
  19  16:33  Hatchery  
  19  16:34  Drone x10  
  18  16:51  Hatchery  
  17  17:52  Drone  
  18  18:08  Drone x2  
  18  18:09  Drone  
  21  18:19  Queen  
  21  18:26  Spawning Pool  
  20  18:28  Drone x2  
  20  18:32  Extractor  
  20  18:34  Extractor  
  20  18:37  Drone x3  
  23  18:45  Drone  
  24  18:49  Drone  
  25  18:59  Drone  
  25  19:00  Drone  
  25  19:01  Drone  
  28  19:14  Queen  
  30  19:18  Lair  
  30  19:32  Zergling x2  
  30  19:33  Zergling x10  
  30  19:38  Metabolic Boost  
  36  19:53  Zergling x4  
  38  20:02  Zergling x2  
  38  20:03  Zergling x2  
  39  20:11  Zergling x2  
  39  20:12  Zergling x2  
  36  20:25  Zergling x8  
  36  20:26  Hydralisk  
  39  20:28  Lair  
  37  21:14  Hatchery  
  36  21:19  Drone x3  
  36  21:20  Drone x5  
  44  21:37  Hydralisk Den  
  43  21:41  Infestation Pit  
  43  21:43  Drone x3  
  43  21:44  Drone x6  
  43  21:45  Drone x2  
  53  21:48  Extractor  
  53  21:50  Extractor  
  51  22:00  Drone  
  52  22:17  Hydralisk x7  
  52  22:18  Hydralisk  
  52  22:20  Drone  
  52  22:21  Drone  
  70  22:35  Hydralisk x2  
  74  23:18  Hydralisk x4  
  74  23:19  Hydralisk x5  
  92  23:38  Zergling x14  
  92  23:39  Zergling x8  
  103  23:46  Zergling x2  
  103  23:47  Zergling x8  
  108  23:56  Zergling x6  
  92  24:20  Hydralisk  
  92  24:21  Hydralisk x6  
  104  24:34  Zergling x2  
Tags
 
Add a new tag
Caveats
  • Supply blocks, unpowered buildings, or Contaminate may cause inaccurate times.
  • Supply counts are checked every 10 seconds.